| TOP OF THE 1ST |
|
Boston (APP) Red Sox batting - Pitching for Detroit (APP) Tigers : RHP Scott King
|
|
Pitching: RHP Scott King
|
|
|
Batting: LHB Javier Cajina
|
0-0: Swinging Strike 0-1: Swinging Strike 0-2: SINGLE (Groundball, 3S, EV 68.8 MPH) (infield hit)
|
|
Batting: RHB Kirk Cully
|
0-0: Ball 1-0: 2-RUN HOME RUN (Flyball, 7LD, EV 93.8 MPH), Distance : 345 ft
|
|
Batting: RHB Joe Booth
|
0-0: Called Strike 0-1: Ball 1-1: Foul Ball, location: 2F 1-2: Strikes out swinging
|
|
Batting: RHB Felix Rangel
|
0-0: Called Strike 0-1: Ball 1-1: Ground out 1-3 (Groundball, 34S, EV 70.0 MPH)
|
|
Batting: SHB Matsudaira Ikeda
|
0-0: Ball 1-0: Ball 2-0: DOUBLE (Line Drive, 78M, EV 109.4 MPH)
|
|
Batting: RHB Luis Nino
|
0-0: Called Strike 0-1: Swinging Strike 0-2: Ball 1-2: Strikes out swinging
|
| Top of the 1st over - 2 runs, 3 hits, 0 errors, 1 left on base; Boston (APP) 2 - Detroit (APP) 0 |
| BOTTOM OF THE 1ST |
|
Detroit (APP) Tigers batting - Pitching for Boston (APP) Red Sox : RHP Emile Pirandello
|
|
Pitching: RHP Emile Pirandello
|
|
|
Batting: LHB Timotheus Young
|
0-0: Ground out 4-3 (Groundball, 4D, EV 110.6 MPH)
|
|
Batting: RHB Kevin Steed
|
0-0: Fly out, F7 (Line Drive, 78S, EV 93.1 MPH)
|
|
Batting: RHB Ernst Meloche
|
0-0: Ball 1-0: Called Strike 1-1: Ball 2-1: Fly out, F8 (Flyball, 8RM, EV 93.8 MPH)
|
| Bottom of the 1st over - 0 runs, 0 hits, 0 errors, 0 left on base; Boston (APP) 2 - Detroit (APP) 0 |
| TOP OF THE 2ND |
|
Boston (APP) Red Sox batting - Pitching for Detroit (APP) Tigers : RHP Scott King
|
|
Batting: RHB Eric Kent
|
0-0: Ground out 6-3 (Groundball, 6, EV 88.1 MPH)
|
|
Batting: RHB Mo Tsang
|
0-0: Ground out 2-3 (Groundball, 13S, EV 62.5 MPH)
|
|
Batting: RHB Estevan Carrillo
|
0-0: Foul Ball, location: 2F 0-1: Ball 1-1: Foul Ball, location: 2F 1-2: Ball 2-2: Strikes out swinging
|
| Top of the 2nd over - 0 runs, 0 hits, 0 errors, 0 left on base; Boston (APP) 2 - Detroit (APP) 0 |
| BOTTOM OF THE 2ND |
|
Detroit (APP) Tigers batting - Pitching for Boston (APP) Red Sox : RHP Emile Pirandello
|
|
Batting: RHB Norm Wood
|
0-0: Ground out 3-1 (Groundball, 34, EV 101.2 MPH)
|
|
Batting: SHB Ronnie Lundy
|
0-0: Ball 1-0: Ground out 4-3 (Groundball, 4, EV 92.5 MPH)
|
|
Batting: LHB Glen Boyle
|
0-0: Ball 1-0: Swinging Strike 1-1: Ball 2-1: Ball 3-1: Base on Balls
|
|
Batting: RHB George Sonier
|
0-0: Ground out 4-3 (Groundball, 4, EV 106.2 MPH)
|
| Bottom of the 2nd over - 0 runs, 0 hits, 0 errors, 1 left on base; Boston (APP) 2 - Detroit (APP) 0 |
| TOP OF THE 3RD |
|
Boston (APP) Red Sox batting - Pitching for Detroit (APP) Tigers : RHP Scott King
|
|
Batting: LHB Javier Cajina
|
0-0: Foul Ball, location: 2F 0-1: Ball 1-1: Ball 2-1: Foul Ball, location: 2F 2-2: Foul Ball, location: 2F 2-2: Strikes out swinging
|
|
Batting: RHB Kirk Cully
|
0-0: Ball 1-0: TRIPLE (Flyball, 78XD, EV 100.0 MPH)
|
|
Batting: RHB Joe Booth
|
0-0: Called Strike 0-1: Ball 1-1: Ground out U3 (Groundball, 23, EV 89.4 MPH)
|
|
Batting: RHB Felix Rangel
|
0-0: Ball 1-0: Ball 2-0: Called Strike 2-1: Reached on error, E5 (Groundball, 5S, EV 72.5 MPH) Kirk Cully scores
|
|
Batting: SHB Matsudaira Ikeda
|
0-0: Ball 1-0: Ball 2-0: Ball 3-0: Called Strike 3-1: Foul Ball, location: 2F 3-2: Foul Ball, location: 2F 3-2: Strikes out looking
|
| Top of the 3rd over - 1 run, 1 hit, 1 error, 1 left on base; Boston (APP) 3 - Detroit (APP) 0 |
| BOTTOM OF THE 3RD |
|
Detroit (APP) Tigers batting - Pitching for Boston (APP) Red Sox : RHP Emile Pirandello
|
|
Batting: RHB Seth Fox
|
0-0: Called Strike 0-1: Foul Ball, location: 2F 0-2: Ball 1-2: Foul Ball, location: 2F 1-2: Ground out 4-3 (Groundball, 4M, EV 96.9 MPH)
|
|
Batting: SHB Salvador Lacosta
|
0-0: Called Strike 0-1: Ground out 5-3 (Groundball, 56S, EV 66.2 MPH)
|
|
Batting: LHB Timotheus Young
|
0-0: Ball 1-0: Ball 2-0: Ball 3-0: Called Strike 3-1: Foul Ball, location: 2F 3-2: Foul Ball, location: 2F 3-2: TRIPLE (Line Drive, 9LD, EV 99.4 MPH)
|
|
Batting: RHB Kevin Steed
|
0-0: Foul Ball, location: 2F 0-1: Ball 1-1: Ball 2-1: 2-RUN HOME RUN (Flyball, 7D, EV 92.5 MPH), Distance : 360 ft
|
|
Batting: RHB Ernst Meloche
|
0-0: Called Strike 0-1: Foul Ball, location: 2F 0-2: Ball 1-2: Foul Ball, location: 2F 1-2: Ball 2-2: Ball 3-2: Foul Ball, location: 2F 3-2: Base on Balls
|
|
Batting: RHB Norm Wood
|
0-0: TRIPLE (Flyball, 89XD, EV 106.9 MPH) Ernst Meloche scores
|
|
Batting: SHB Ronnie Lundy
|
0-0: Ball 1-0: Called Strike 1-1: Ball 2-1: Ball 3-1: Ground out 4-3 (Groundball, 4, EV 88.8 MPH)
|
| Bottom of the 3rd over - 3 runs, 3 hits, 0 errors, 1 left on base; Boston (APP) 3 - Detroit (APP) 3 |
| TOP OF THE 4TH |
|
Boston (APP) Red Sox batting - Pitching for Detroit (APP) Tigers : RHP Scott King
|
|
Batting: RHB Luis Nino
|
0-0: Swinging Strike 0-1: Swinging Strike 0-2: Ball 1-2: Strikes out swinging
|
|
Batting: RHB Eric Kent
|
0-0: Ball 1-0: Ball 2-0: Swinging Strike 2-1: Called Strike 2-2: Foul Ball, location: 2F 2-2: Ball 3-2: Strikes out swinging
|
|
Batting: RHB Mo Tsang
|
0-0: Ball 1-0: Ball 2-0: Ground out 5-3 (Groundball, 5S, EV 83.8 MPH)
|
| Top of the 4th over - 0 runs, 0 hits, 0 errors, 0 left on base; Boston (APP) 3 - Detroit (APP) 3 |
| BOTTOM OF THE 4TH |
|
Detroit (APP) Tigers batting - Pitching for Boston (APP) Red Sox : RHP Emile Pirandello
|
|
Batting: LHB Glen Boyle
|
0-0: Ball 1-0: Ball 2-0: SOLO HOME RUN (Flyball, 9LD, EV 98.8 MPH), Distance : 353 ft
|
|
Batting: RHB George Sonier
|
0-0: SINGLE (Line Drive, 6MD, EV 95.0 MPH)
|
|
Batting: RHB Seth Fox
|
0-0: Foul Ball, location: 2F 0-1: Foul Ball, location: 2F 0-2: Strikes out swinging
|
|
Batting: SHB Salvador Lacosta
|
0-0: Foul Ball, location: 2F 0-1: Ball 1-1: Foul Ball, location: 2F 1-2: Strikes out swinging
|
|
Batting: LHB Timotheus Young
|
0-0: Called Strike 0-1: Ball 1-1: Ground out 4-3 (Groundball, 4S, EV 83.1 MPH)
|
| Bottom of the 4th over - 1 run, 2 hits, 0 errors, 1 left on base; Boston (APP) 3 - Detroit (APP) 4 |
| TOP OF THE 5TH |
|
Boston (APP) Red Sox batting - Pitching for Detroit (APP) Tigers : RHP Scott King
|
|
Batting: RHB Estevan Carrillo
|
0-0: Ball 1-0: Foul Ball, location: 2F 1-1: Ball 2-1: Fly out, F8 (Flyball, 78M, EV 90.6 MPH)
|
|
Batting: LHB Javier Cajina
|
0-0: Ball 1-0: Foul Ball, location: 2F 1-1: Foul Ball, location: 2F 1-2: Ball 2-2: Foul Ball, location: 2F 2-2: Ball 3-2: Base on Balls
|
|
Batting: RHB Kirk Cully
|
0-0: Called Strike Javier Cajina is caught stealing 2nd base 2-4 0-1: Ball 1-1: Ball 2-1: Ball 3-1: Ground out 6-3 (Groundball, 56D, EV 83.8 MPH)
|
| Top of the 5th over - 0 runs, 0 hits, 0 errors, 0 left on base; Boston (APP) 3 - Detroit (APP) 4 |
| BOTTOM OF THE 5TH |
|
Detroit (APP) Tigers batting - Pitching for Boston (APP) Red Sox : RHP Emile Pirandello
|
|
Batting: RHB Kevin Steed
|
0-0: Called Strike 0-1: Ball 1-1: Foul Ball, location: 2F 1-2: Foul Ball, location: 2F 1-2: Ball 2-2: Ball 3-2: Foul Ball, location: 2F 3-2: Ground out 4-3 (Groundball, 4S, EV 84.4 MPH)
|
|
Batting: RHB Ernst Meloche
|
0-0: SOLO HOME RUN (Line Drive, 9D, EV 102.5 MPH), Distance : 385 ft
|
|
Pitching: RHP Matt Collins
|
|
|
Batting: RHB Norm Wood
|
0-0: Called Strike 0-1: Called Strike 0-2: Fly out, F9 (Flyball, 9LM, EV 88.1 MPH)
|
|
Batting: SHB Ronnie Lundy
|
0-0: Ball 1-0: SOLO HOME RUN (Flyball, 7LD, EV 92.5 MPH), Distance : 342 ft
|
|
Batting: LHB Glen Boyle
|
0-0: Called Strike 0-1: Ball 1-1: Ball 2-1: Ground out 5-3 (Groundball, 56, EV 75.6 MPH)
|
| Bottom of the 5th over - 2 runs, 2 hits, 0 errors, 0 left on base; Boston (APP) 3 - Detroit (APP) 6 |
| TOP OF THE 6TH |
|
Boston (APP) Red Sox batting - Pitching for Detroit (APP) Tigers : RHP Scott King
|
|
Batting: RHB Joe Booth
|
0-0: DOUBLE (Line Drive, 9LM, EV 104.4 MPH)
|
|
Batting: RHB Felix Rangel
|
0-0: Called Strike 0-1: Foul Ball, location: 2F 0-2: Foul Ball, location: 2F 0-2: Ball 1-2: Ball 2-2: Foul Ball, location: 2F 2-2: Strikes out looking
|
|
Batting: SHB Matsudaira Ikeda
|
0-0: Ball 1-0: Called Strike 1-1: Called Strike 1-2: Ground out 6-3 (Groundball, 6M, EV 99.4 MPH) Joe Booth to third
|
|
Batting: RHB Luis Nino
|
0-0: Ball 1-0: Ball 2-0: Ball 3-0: Called Strike 3-1: Swinging Strike 3-2: Ground out 5-3 (Groundball, 56, EV 81.2 MPH)
|
| Top of the 6th over - 0 runs, 1 hit, 0 errors, 1 left on base; Boston (APP) 3 - Detroit (APP) 6 |
| BOTTOM OF THE 6TH |
|
Detroit (APP) Tigers batting - Pitching for Boston (APP) Red Sox : RHP Matt Collins
|
|
Batting: RHB George Sonier
|
0-0: Ground out 6-3 (Groundball, 56, EV 83.8 MPH)
|
|
Batting: RHB Seth Fox
|
0-0: Called Strike 0-1: Ball 1-1: DOUBLE (Line Drive, 78XD, EV 109.4 MPH)
|
|
Batting: SHB Salvador Lacosta
|
0-0: Called Strike 0-1: Called Strike 0-2: Ground out 6-3 (Groundball, 6, EV 87.5 MPH) Seth Fox to third
|
|
Batting: LHB Timotheus Young
|
0-0: Called Strike 0-1: Ground out 1-3 (Groundball, 15, EV 66.9 MPH)
|
| Bottom of the 6th over - 0 runs, 1 hit, 0 errors, 1 left on base; Boston (APP) 3 - Detroit (APP) 6 |
| TOP OF THE 7TH |
|
Boston (APP) Red Sox batting - Pitching for Detroit (APP) Tigers : RHP Scott King
|
|
Batting: RHB Eric Kent
|
0-0: Foul Ball, location: 2F 0-1: Foul Ball, location: 2F 0-2: Ball 1-2: Foul Ball, location: 2F 1-2: Foul Ball, location: 2F 1-2: SINGLE (Flyball, 5D, EV 86.9 MPH)
|
|
Pitching: RHP Alex Amparo
|
|
|
Pinch Hitting: LHB Stanislav Parusov
|
0-0: Bunted foul 0-1: Bunt missed! 0-2: Foul Ball, location: 2F 0-2: Ball 1-2: DOUBLE (Flyball, 8RXD, EV 102.5 MPH) Eric Kent to third
|
|
Pinch Hitting: RHB Bakhtiar Asadov
|
0-0: Called Strike 0-1: Called Strike 0-2: Ball 1-2: Strikes out swinging
|
|
Batting: LHB Javier Cajina
|
0-0: Ball 1-0: Ball 2-0: Foul Ball, location: 2F 2-1: Ball 3-1: Called Strike 3-2: Base on Balls
|
|
Pinch Hitting: LHB Kien-lung Zou
|
0-0: Ball 1-0: Called Strike 1-1: Ball 2-1: Grounds into double play, 4-6-3 (Groundball, 4, EV 80.6 MPH)
|
| Top of the 7th over - 0 runs, 2 hits, 0 errors, 2 left on base; Boston (APP) 3 - Detroit (APP) 6 |
| BOTTOM OF THE 7TH |
|
Detroit (APP) Tigers batting - Pitching for Boston (APP) Red Sox : RHP Matt Collins
|
|
Now at C: Kien-lung Zou
|
|
|
Now at 1B: Vladmiri Nugaibekov
|
|
|
Now in LF: Bakhtiar Asadov
|
|
|
Batting: RHB Kevin Steed
|
0-0: Ball 1-0: Ball 2-0: Ball 3-0: Base on Balls
|
|
Batting: RHB Ernst Meloche
|
0-0: Ball 1-0: Foul Ball, location: 2F 1-1: Ball 2-1: Ball 3-1: Base on Balls Kevin Steed to second
|
|
Batting: RHB Norm Wood
|
0-0: SINGLE (Groundball, 4S, EV 73.8 MPH) (infield hit) Kevin Steed to third Ernst Meloche to second
|
|
Pitching: LHP Brad Victor
|
|
|
Batting: SHB Ronnie Lundy
|
0-0: Ball 1-0: GRAND SLAM HOME RUN (Flyball, 7D, EV 96.2 MPH), Distance : 374 ft
|
|
Batting: LHB Glen Boyle
|
0-0: Ball 1-0: Called Strike 1-1: Called Strike 1-2: Ball 2-2: Foul Ball, location: 2F 2-2: DOUBLE (Line Drive, 89XD, EV 96.2 MPH)
|
|
Batting: RHB George Sonier
|
0-0: Ground out 6-3 (Groundball, 6, EV 86.2 MPH)
|
|
Batting: RHB Seth Fox
|
0-0: DOUBLE (Line Drive, 78M, EV 107.5 MPH) Glen Boyle scores
|
|
Batting: SHB Salvador Lacosta
|
0-0: Foul Ball, location: 2F 0-1: Called Strike 0-2: Ball 1-2: Ball 2-2: Strikes out looking
|
|
Batting: LHB Timotheus Young
|
0-0: Ball 1-0: Called Strike 1-1: Ground out 6-3 (Groundball, 4M, EV 85.6 MPH)
|
| Bottom of the 7th over - 5 runs, 4 hits, 0 errors, 1 left on base; Boston (APP) 3 - Detroit (APP) 11 |
| TOP OF THE 8TH |
|
Boston (APP) Red Sox batting - Pitching for Detroit (APP) Tigers : RHP Alex Amparo
|
|
Batting: RHB Joe Booth
|
0-0: Ball 1-0: Called Strike 1-1: Ground out 5-3 (Groundball, 56S, EV 82.5 MPH)
|
|
Batting: RHB Felix Rangel
|
0-0: Ball 1-0: Fly out, F6 (Line Drive, 6MD, EV 68.1 MPH)
|
|
Batting: SHB Matsudaira Ikeda
|
0-0: Ball 1-0: Ball 2-0: Ball 3-0: Called Strike 3-1: SINGLE (Groundball, 4M, EV 100.0 MPH) (infield hit)
|
|
Batting: RHB Luis Nino
|
0-0: Swinging Strike 0-1: Foul Ball, location: 2F 0-2: Strikes out looking
|
| Top of the 8th over - 0 runs, 1 hit, 0 errors, 1 left on base; Boston (APP) 3 - Detroit (APP) 11 |
| BOTTOM OF THE 8TH |
|
Detroit (APP) Tigers batting - Pitching for Boston (APP) Red Sox : LHP Brad Victor
|
|
Batting: RHB Kevin Steed
|
0-0: Ball 1-0: Called Strike 1-1: Foul Ball, location: 2F 1-2: Strikes out looking
|
|
Batting: RHB Ernst Meloche
|
0-0: Foul Ball, location: 2F 0-1: Foul Ball, location: 2F 0-2: Ball 1-2: Ground out 6-3 (Groundball, 6, EV 86.9 MPH)
|
|
Pinch Hitting: RHB Brandon Everett
|
0-0: Ground out 6-3 (Groundball, 6M, EV 76.2 MPH)
|
| Bottom of the 8th over - 0 runs, 0 hits, 0 errors, 0 left on base; Boston (APP) 3 - Detroit (APP) 11 |
| TOP OF THE 9TH |
|
Boston (APP) Red Sox batting - Pitching for Detroit (APP) Tigers : RHP Alex Amparo
|
|
Pitching: LHP Jim Belcher
|
|
|
Now at 2B: Brandon Everett
|
|
|
Batting: RHB Eric Kent
|
0-0: Ball 1-0: Called Strike 1-1: Foul Ball, location: 2F 1-2: Strikes out swinging
|
|
Batting: RHB Vladmiri Nugaibekov
|
0-0: Foul Ball, location: 2F 0-1: Called Strike 0-2: Ball 1-2: Ground out 5-3 (Groundball, 56, EV 82.5 MPH)
|
|
Batting: RHB Bakhtiar Asadov
|
0-0: Ball 1-0: Foul Ball, location: 2F 1-1: Foul Ball, location: 2F 1-2: Foul Ball, location: 2F 1-2: Fly out, F9 (Flyball, 9LSF, EV 92.5 MPH)
|
| Top of the 9th over - 0 runs, 0 hits, 0 errors, 0 left on base; Boston (APP) 3 - Detroit (APP) 11 |
|